[Event "Titled Tuesday Blitz March 29 Early 2022"]
[White "Baches Garcia, Guillermo"]
[Black "Polster, Christian"]
[WhiteFideId "2209764"]
[BlackFideId "12965081"]
[WhiteElo "2495"]
[BlackElo "2354"]
[Result "1-0"]
[Round "11"]
[TimeControl "180+1"]
[Date "2022.03.30"]
[WhiteClock "0:00:33"]
[BlackClock "0:00:02"]

1. e4 c5 2. Nf3 d6 3. d4 cxd4 4. Nxd4 Nf6 5. Nc3 a6 6. Bd3 e5 7. Nde2 Be6 8. f4 Qc7 9. O-O Nbd7 10. Kh1 b5 11. a3 Nc5 12. Ng3 Be7 13. f5 Bc4 14. Bxc4 bxc4 15. Nh5 Nxh5 16. Qxh5 Qc6 17. Qg4 g6 18. Nd5 Nd7 19. Bh6 Rg8 20. f6 Bd8 21. Rad1 Nb6 22. Be3 Rb8 23. Bxb6 Bxb6 24. Ne7 Qd7 25. Qxd7+ Kxd7 26. Nxg8 Rxg8 27. Rd5 Ke6 28. g3 Rb8 29. Rf3 Bc5 30. b3 1-0


[Site "https://www.chess.com"]

[Event "Titled Tuesday Blitz March 29 Early 2022"]
[White "Bachmann, Axel"]
[Black "volunteers1998"]
[WhiteFideId "3700488"]
[WhiteElo "2587"]
[BlackElo "2309"]
[Result "1-0"]
[Round "11"]
[TimeControl "180+1"]
[Date "2022.03.30"]
[WhiteClock "0:01:06"]
[BlackClock "0:01:13"]

1. d4 f5 2. g3 Nf6 3. Bg2 g6 4. Nf3 Bg7 5. b3 O-O 6. Bb2 d6 7. O-O c6 8. c4 Qc7 9. Nc3 h6 10. Re1 Nbd7 11. a4 e5 12. dxe5 dxe5 13. e4 Nc5 14. Ba3 Rd8 15. Qc2 Ncxe4 16. Nxe4 Nxe4 17. Nh4 Kh7 18. Rxe4 fxe4 19. Bxe4 Bf5 20. Bxf5 gxf5 21. Qxf5+ Kg8 22. Ng6 Rd7 23. h4 Rf7 24. Qe6 Qd7 25. Ne7+ Qxe7 26. Bxe7 Re8 27. Rd1 Rxe7 28. Rd8+ Kh7 29. Qg4 Rf6 30. Qe4+ Rg6 31. h5 1-0


[Site "https://www.chess.com"]

[Event "Titled Tuesday Blitz March 29 Early 2022"]
[White "Barrientos, Sergio E"]
[Black "Taboas Rodriguez, Daniel"]
[WhiteFideId "4401824"]
[BlackFideId "2208466"]
[WhiteElo "2397"]
[BlackElo "2429"]
[Result "1-0"]
[Round "11"]
[TimeControl "180+1"]
[Date "2022.03.29"]
[WhiteClock "0:00:45"]
[BlackClock "0:00:11"]

1. d4 Nf6 2. c4 g6 3. Nc3 Bg7 4. e4 d6 5. h4 O-O 6. Nge2 c5 7. d5 e6 8. Ng3 exd5 9. cxd5 a6 10. h5 b5 11. Bg5 Re8 12. Be2 b4 13. Na4 Qa5 14. f3 Bd7 15. b3 Bxa4 16. bxa4 b3+ 17. Kf1 b2 18. Rb1 Nfd7 19. hxg6 hxg6 20. Bd2 Qd8 21. Qc2 Qf6 22. Bc4 a5 23. Ne2 Ne5 24. Bb5 Nbd7 25. Bc3 Qe7 26. Qxb2 c4 27. Qd2 Reb8 28. Nd4 Nc5 29. Nc6 Nxc6 30. dxc6 Bxc3 31. Qxc3 Qe5 32. Qxe5 dxe5 33. Ke2 Nxa4 34. Bxa4 Rb4 35. Bb5 Rb8 36. a4 1-0


[Site "https://www.chess.com"]

[Event "Titled Tuesday Blitz March 29 Early 2022"]
[White "Bortnyk, Olexandr"]
[Black "Demchenko, Anton"]
[WhiteFideId "14120828"]
[BlackFideId "4160258"]
[WhiteElo "2723"]
[BlackElo "2539"]
[Result "1-0"]
[Round "11"]
[TimeControl "180+1"]
[Date "2022.03.29"]
[WhiteClock "0:01:08"]
[BlackClock "0:00:05"]

1. d4 Nf6 2. Nc3 d5 3. Bf4 a6 4. e3 b5 5. a3 Nbd7 6. g4 h6 7. Bg2 Nb6 8. h3 e6 9. Nf3 Bb7 10. O-O g5 11. Bg3 h5 12. Nxg5 hxg4 13. hxg4 Rg8 14. f4 Nc4 15. Qe2 Nxb2 16. Nxb5 Nc4 17. Nc3 c5 18. Na4 cxd4 19. exd4 Qa5 20. Nxe6 fxe6 21. Qxe6+ Be7 22. Rae1 Ne4 23. Bxe4 Rg7 24. Bg6+ Kd8 25. f5 Bc8 26. Qc6 Qb5 27. Qc7# 1-0


[Site "https://www.chess.com"]

[Event "Titled Tuesday Blitz March 29 Early 2022"]
[White "Brodowski, Piotr"]
[Black "Isanzhulov, Arystan"]
[WhiteFideId "1124480"]
[BlackFideId "13711644"]
[WhiteElo "2567"]
[BlackElo "2792"]
[Result "0-1"]
[Round "11"]
[TimeControl "180+1"]
[Date "2022.03.30"]
[WhiteClock "0:00:18"]
[BlackClock "0:00:04"]

1. c4 e6 2. Nf3 c6 3. b3 a6 4. Bb2 b5 5. e3 Nf6 6. Qc2 Be7 7. Be2 d5 8. d3 Bd7 9. Nbd2 a5 10. Ne5 a4 11. bxa4 bxa4 12. O-O O-O 13. Ndf3 Be8 14. Rab1 Na6 15. Bc3 Nc5 16. Nd4 Qc7 17. f4 dxc4 18. Nxc4 Nd5 19. Ba1 Na6 20. a3 Qa7 21. Kh1 Nac7 22. e4 Nf6 23. Ne5 Bxa3 24. Ndxc6 Qc5 25. Qxc5 Bxc5 26. d4 Bd6 27. Bf3 a3 28. Rbc1 a2 29. Nd3 Ba3 30. Rc2 Ra6 31. Ncb4 Bb5 32. Rxc7 Bxb4 33. Nxb4 Bxf1 34. Nxa6 Bxa6 35. Ra7 Rb8 36. h3 Bc4 37. d5 h6 38. Kh2 exd5 39. exd5 Nxd5 40. Be5 Rc8 41. Ra4 Nb6 42. Rb4 Nd7 43. Ba1 Be6 44. Ra4 g6 45. h4 h5 46. Kg3 Nc5 47. Ra5 Kh7 48. Bf6 Bf5 49. Ra7 Nd7 50. Bd4 Be6 51. Be4 Rc4 52. Ba1 Rxe4 53. Ra8 g5 54. hxg5 h4+ 55. Kxh4 Rxf4+ 56. Kh5 Bg4+ 57. Kh4 Bf3+ 58. Kg3 Bxa8 59. Kxf4 Kg6 60. g3 Bd5 61. Bb2 Be6 62. g4 Nc5 63. Ba1 Nb3 64. Bb2 a1=Q 65. Bxa1 Nxa1 66. Kg3 Nb3 67. Kf4 Nc5 68. Ke5 Kxg5 69. Kd6 Nd7 70. Ke7 Nf6 71. Kf8 Nxg4 72. Kg7 Nh6 73. Kh7 Bg4 74. Kg7 Bh5 75. Kh7 f5 76. Kg7 f4 77. Kh7 f3 78. Kg7 f2 79. Kh7 Ng4 80. Kg7 f1=Q 81. Kh7 Qf7+ 82. Kh8 Qe7 83. Kg8 Nf2 84. Kh8 Ne4 85. Kg8 Nd2 86. Kh8 Nb3 87. Kg8 Na1 88. Kh8 Bf3 89. Kg8 Bh1 90. Kh8 Kg6 91. Kg8 Qd8# 0-1


[Site "https://www.chess.com"]

[Event "Titled Tuesday Blitz March 29 Early 2022"]
[White "Buscar, Michael"]
[Black "Derjabin, Ilja"]
[WhiteFideId "2603616"]
[BlackFideId "14104768"]
[WhiteElo "2411"]
[BlackElo "2553"]
[Result "1-0"]
[Round "11"]
[TimeControl "180+1"]
[Date "2022.03.30"]
[WhiteClock "0:00:30"]
[BlackClock "0:00:35"]

1. Nf3 c5 2. g3 Nc6 3. Bg2 d5 4. d4 Nf6 5. O-O c4 6. b3 cxb3 7. axb3 e6 8. c4 Be7 9. Ba3 O-O 10. Qd2 Bxa3 11. Nxa3 Qe7 12. Rfd1 Rd8 13. e3 Ne4 14. Qb2 a6 15. Nd2 Nf6 16. Nf3 Bd7 17. Nc2 dxc4 18. bxc4 Rab8 19. Nce1 b5 20. c5 a5 21. Nd3 b4 22. Nfe5 Nd5 23. Nxc6 Bxc6 24. Rxa5 Nc3 25. Rda1 Bxg2 26. Kxg2 h5 27. Ra7 Qg5 28. Ne5 h4 29. Rxf7 Rd5 30. Raa7 Rxe5 31. dxe5 h3+ 32. Kxh3 Qxe5 33. Rxg7+ Kh8 34. Rh7+ Kg8 35. Qc2 1-0


[Site "https://www.chess.com"]

[Event "Titled Tuesday Blitz March 29 Early 2022"]
[White "Caruana, Fabiano"]
[Black "Xu, Yi"]
[WhiteFideId "2020009"]
[BlackFideId "8605564"]
[WhiteElo "2744"]
[BlackElo "2471"]
[Result "1-0"]
[Round "11"]
[TimeControl "180+1"]
[Date "2022.03.29"]
[WhiteClock "0:00:07"]
[BlackClock "0:00:01"]

1. e4 c5 2. b3 g6 3. Bb2 Nf6 4. e5 Nd5 5. Bc4 Nb6 6. d3 Bg7 7. Nd2 O-O 8. a4 d5 9. a5 Nxc4 10. bxc4 d4 11. f4 Nc6 12. Nb3 f6 13. exf6 exf6 14. Nf3 Bg4 15. O-O b6 16. h3 Be6 17. Bc1 Qd7 18. Bd2 Rae8 19. Re1 Bf7 20. Rxe8 Rxe8 21. Qf1 Bf8 22. Nh2 f5 23. Nf3 h6 24. Qf2 Bg7 25. axb6 axb6 26. Nc1 Bf6 27. Ne2 Kg7 28. Ng3 Nb4 29. Bxb4 cxb4 30. Re1 Ra8 31. Ne5 Bxe5 32. fxe5 Ra2 33. Re2 Be6 34. h4 h5 35. Qf4 Qd8 36. Kh2 Ra1 37. Rf2 Re1 38. Ne2 Rb1 39. Nxd4 Bf7 40. Nf3 b3 41. cxb3 Qxd3 42. Rd2 Qf1 43. e6 Qh1+ 44. Kg3 Bxe6 45. Qe5+ Kh7 46. Rd8 f4+ 47. Qxf4 Rb2 48. Ng5+ Kh6 49. Qf8# 1-0


[Site "https://www.chess.com"]

[Event "Titled Tuesday Blitz March 29 Early 2022"]
[White "Chigaev, Maksim"]
[Black "Tasev, Dejan"]
[WhiteFideId "4108116"]
[BlackFideId "936618"]
[WhiteElo "2502"]
[BlackElo "2253"]
[Result "1-0"]
[Round "11"]
[TimeControl "180+1"]
[Date "2022.03.29"]
[WhiteClock "0:00:48"]
[BlackClock "0:00:25"]

1. e4 e5 2. Nf3 Nf6 3. Nc3 Nc6 4. d4 exd4 5. Nxd4 Bc5 6. Nxc6 bxc6 7. Bd3 d6 8. Na4 Bb6 9. O-O O-O 10. Bg5 h6 11. Bh4 Re8 12. Re1 Bd7 13. h3 c5 14. Nc3 Bc6 15. Qf3 g5 16. Bg3 Nd7 17. Nd5 Bxd5 18. exd5 Qf6 19. Qxf6 Nxf6 20. Bb5 Rxe1+ 21. Rxe1 Kf8 22. Bc6 Rb8 23. c4 Ba5 24. Re2 Nh5 25. Bh2 Nf4 26. Bxf4 gxf4 27. b3 Bc3 28. Kf1 Be5 29. Re1 a5 30. Ke2 Kg7 31. Kf3 Kf6 32. g3 fxg3 33. fxg3 Rg8 34. g4 h5 35. Bd7 hxg4+ 36. Bxg4 Kg5 37. Ke4 Kf6 38. Rf1+ Ke7 39. Rf5 a4 40. bxa4 Ra8 41. Bh5 f6 42. Bd1 Rb8 43. Rh5 Rb2 44. Rh7+ Kf8 45. Kf5 Rxa2 46. Rxc7 Rh2 47. a5 Ra2 48. Ra7 Kg8 49. a6 Ra3 50. Kg6 Kf8 51. Bg4 Rg3 52. Rf7+ Kg8 53. a7 Ra3 54. Rb7 1-0


[Site "https://www.chess.com"]

[Event "Titled Tuesday Blitz March 29 Early 2022"]
[White "Costachi, Mihnea"]
[Black "Steinberg, Nitzan"]
[WhiteFideId "1217518"]
[BlackFideId "2801795"]
[WhiteElo "2464"]
[BlackElo "2440"]
[Result "1/2-1/2"]
[Round "11"]
[TimeControl "180+1"]
[Date "2022.03.29"]
[WhiteClock "0:01:24"]
[BlackClock "0:00:45"]

1. d4 d5 2. c4 e6 3. Nc3 Bb4 4. cxd5 exd5 5. Bf4 c6 6. Qc2 Ne7 7. e3 O-O 8. Bd3 h6 9. Nf3 Nd7 10. O-O Re8 11. Ne5 Nxe5 12. Bxe5 Bd6 13. Bg3 Bg4 14. Rab1 Bh5 15. b4 a6 16. Na4 Bg6 17. Nc5 Bxd3 18. Qxd3 Bxg3 19. hxg3 Qb6 20. a4 Nc8 21. b5 cxb5 22. axb5 a5 23. Qf5 Rd8 24. Rfc1 g6 25. Qe5 a4 26. Nd3 Qd6 27. Rc7 Qxe5 28. Nxe5 Nd6 29. b6 Ra6 30. Rc5 Nc8 31. Rc7 Nd6 32. Rc5 Nc8 33. Rc7 Nd6 1/2-1/2


[Site "https://www.chess.com"]

[Event "Titled Tuesday Blitz March 29 Early 2022"]
[White "Coto Mederos, Michel"]
[Black "Zaksaite, Salomeja"]
[WhiteFideId "3508528"]
[BlackFideId "12801496"]
[WhiteElo "2526"]
[BlackElo "2299"]
[Result "1-0"]
[Round "11"]
[TimeControl "180+1"]
[Date "2022.03.30"]
[WhiteClock "0:00:06"]
[BlackClock "0:00:01"]

1. d4 Nf6 2. Bg5 d5 3. Bxf6 exf6 4. e3 Bd6 5. c4 dxc4 6. Bxc4 O-O 7. Nf3 c5 8. O-O cxd4 9. exd4 Nd7 10. Nbd2 Nb6 11. Bd3 Be6 12. Rc1 Rc8 13. Ne4 Bf4 14. Rxc8 Bxc8 15. Re1 Nd5 16. Nc5 b6 17. Ne4 Bb8 18. Nc3 a6 19. Bc4 Bb7 20. Nxd5 Bxd5 21. Bxd5 Qxd5 22. b3 Rd8 23. Qe2 h6 24. Qxa6 Bc7 25. Qc4 Qb7 26. a4 Bd6 27. Qb5 Qc7 28. Qc4 Qb8 29. d5 Rc8 30. Qd3 Rc5 31. b4 Rc8 32. b5 Qa8 33. Qb3 Qa5 34. Rd1 Rc3 35. Qa2 Qb4 36. Qb1 Qxa4 37. Nd4 Bc5 38. Nf5 Qf4 39. Rf1 Rc4 40. Qd3 Rb4 41. d6 g6 42. d7 Rd4 43. Nxd4 Qc7 44. Nc6 Bd6 45. d8=Q+ 1-0


[Site "https://www.chess.com"]

[Event "Titled Tuesday Blitz March 29 Early 2022"]
[White "De Souza, Cristiano Gomes"]
[Black "Terletsky, Oleg"]
[WhiteFideId "2151758"]
[BlackFideId "14116774"]
[WhiteElo "2068"]
[BlackElo "2064"]
[Result "1-0"]
[Round "11"]
[TimeControl "180+1"]
[Date "2022.03.30"]
[WhiteClock "0:01:28"]
[BlackClock "0:01:01"]

1. d4 Nf6 2. c4 g6 3. Nc3 Bg7 4. e4 d6 5. Nf3 O-O 6. Be2 e5 7. O-O Nc6 8. d5 Ne7 9. Ne1 Nd7 10. Be3 f5 11. f3 f4 12. Bf2 g5 13. Nb5 Nf6 14. Nxa7 Bd7 15. Nd3 g4 16. Nb5 Ng6 17. a4 g3 18. hxg3 fxg3 19. Bxg3 Nh5 20. Bf2 Bh6 21. c5 Nhf4 22. cxd6 cxd6 23. Nxd6 Qg5 24. g3 Nh3+ 25. Kg2 Nxf2 26. Kxf2 Bh3 27. Qc1 Qh5 28. Qc7 Rf7 29. Qxf7+ Kh8 30. Qf6+ Bg7 31. Nf7+ Kg8 32. Qg5 1-0


[Site "https://www.chess.com"]

[Event "Titled Tuesday Blitz March 29 Early 2022"]
[White "Derraugh, Geordie"]
[Black "Nozdrachev, Leonid"]
[WhiteFideId "2603950"]
[BlackFideId "24113433"]
[WhiteElo "2450"]
[BlackElo "2542"]
[Result "1-0"]
[Round "11"]
[TimeControl "180+1"]
[Date "2022.03.30"]
[WhiteClock "0:00:05"]
[BlackClock "0:00:04"]

1. e4 d6 2. d4 Nf6 3. Nc3 e5 4. Nf3 Nbd7 5. Bc4 Be7 6. a4 O-O 7. O-O c6 8. a5 Qc7 9. h3 Re8 10. Qd3 Nf8 11. dxe5 dxe5 12. Bxf7+ Kxf7 13. Ng5+ Kg6 14. f4 Bc5+ 15. Kh1 exf4 16. Bxf4 Qd8 17. Qc4 Qe7 18. e5 Nh5 19. h4 Bf5 20. Na4 b6 21. Nxc5 bxc5 22. Bh2 h6 23. Rxf5 hxg5 24. Rxg5+ Kh6 25. Qg4 g6 26. Rf1 Qe6 27. Rxh5+ gxh5 28. Qg5+ Kh7 29. Rf6 Rad8 30. Qxh5+ Kg8 31. Qg5+ Kh8 32. Qh6+ Kg8 33. Rxe6 Rd1+ 34. Bg1 Rxe6 35. Qg5+ Rg6 36. Qf5 Rd2 37. Qf3 c4 38. h5 Rg5 39. Be3 Rgxg2 40. Qxg2+ Rxg2 41. Kxg2 Nd7 42. e6 Nf6 43. h6 Nd5 44. Bxa7 Nf4+ 45. Kf3 Nxe6 46. Be3 Nc7 47. Ke4 Nb5 48. Bc5 Kh7 49. a6 1-0


[Site "https://www.chess.com"]

[Event "Titled Tuesday Blitz March 29 Early 2022"]
[White "Dushyant Sharma"]
[Black "Ravi, Teja S."]
[WhiteFideId "25065130"]
[BlackFideId "5017220"]
[WhiteElo "2456"]
[BlackElo "2611"]
[Result "1/2-1/2"]
[Round "11"]
[TimeControl "180+1"]
[Date "2022.03.30"]
[WhiteClock "0:00:57"]
[BlackClock "0:00:28"]

1. e4 c5 2. Nf3 g6 3. d4 cxd4 4. Nxd4 Nc6 5. f4 Bg7 6. Nf3 d6 7. Nc3 Nf6 8. Bd3 O-O 9. O-O Bg4 10. Qe1 e5 11. Kh1 exf4 12. Bxf4 Nh5 13. Bg5 Qd7 14. Qh4 Bxf3 15. Rxf3 Ne5 16. Rh3 Qg4 17. Qxg4 Nxg4 18. Rf3 Bxc3 19. bxc3 f6 20. Bd2 Ne5 21. Rf2 Rac8 22. Rb1 Rc7 23. h3 Ng7 24. Rbf1 f5 25. exf5 Nxd3 26. cxd3 Rxf5 27. g4 Rxf2 28. Rxf2 Rf7 29. Re2 Rf3 30. d4 Rxh3+ 31. Kg2 Rd3 32. Bh6 Kf7 33. Rf2+ Kg8 34. Re2 Kf7 35. Rf2+ Kg8 36. Re2 1/2-1/2


[Site "https://www.chess.com"]

[Event "Titled Tuesday Blitz March 29 Early 2022"]
[White "Einarsson, Halldor Gretar"]
[Black "Silva, Mariana Sofia T."]
[WhiteFideId "2300150"]
[BlackFideId "1911899"]
[WhiteElo "2114"]
[BlackElo "1825"]
[Result "0-1"]
[Round "11"]
[TimeControl "180+1"]
[Date "2022.03.30"]
[WhiteClock "0:00:17"]
[BlackClock "0:00:15"]

1. d4 Nf6 2. c4 e6 3. g3 Bb4+ 4. Bd2 Qe7 5. Bg2 O-O 6. e4 Bxd2+ 7. Nxd2 d6 8. f4 e5 9. fxe5 dxe5 10. dxe5 Qxe5 11. Ngf3 Qxb2 12. O-O Nc6 13. Qb3 Qxb3 14. axb3 a5 15. Rfe1 Nb4 16. e5 Nd7 17. Re2 Nc5 18. Nd4 Bg4 19. Rf2 Rad8 20. Rf4 Be6 21. Rxa5 b6 22. Rb5 Nbd3 23. Rh4 h6 24. Nc6 Rd7 25. Rd4 Rxd4 26. Nxd4 Rd8 27. Nc6 Rd7 28. Ne4 Nxe4 29. Bxe4 Nc5 30. b4 Nxe4 31. c5 Bc4 32. cxb6 cxb6 33. Rxb6 Rd1+ 34. Kg2 Rb1 35. Na5 Bd5 36. b5 Nd6+ 37. Kh3 Nxb5 38. Rb8+ Kh7 39. Kg4 Nc3 40. Rxb1 Nxb1 41. Kf4 Be6 42. Nc6 Nc3 43. Nd4 Nd5+ 44. Ke4 Nc7 45. Kf4 Kg6 46. h4 h5 47. Nf3 Bd5 48. Nd4 Ne6+ 49. Ke3 Nxd4 50. Kxd4 Be6 51. Kc5 Kf5 52. Kd6 Kg4 53. Ke7 Kxg3 54. Kf8 g6 55. Kg7 Kxh4 56. Kh6 Kg3 0-1


[Site "https://www.chess.com"]

[Event "Titled Tuesday Blitz March 29 Early 2022"]
[White "Ferreira, Vitor Hugo Vieira"]
[Black "Perez Gormaz, Matias"]
[WhiteFideId "2119765"]
[BlackFideId "3406342"]
[WhiteElo "2489"]
[BlackElo "2621"]
[Result "0-1"]
[Round "11"]
[TimeControl "180+1"]
[Date "2022.03.30"]
[WhiteClock "0:00:14"]
[BlackClock "0:01:37"]

1. e4 h5 2. d4 h4 3. h3 b6 4. Nc3 Bb7 5. Bc4 e6 6. a3 Nf6 7. e5 Bxg2 8. Rh2 Bd5 9. exf6 Bxc4 10. fxg7 Bxg7 11. Rg2 Qf6 12. Ne4 Qxd4 13. Qg4 Nc6 14. Nf3 Qd5 15. Bg5 f5 16. Nd6+ cxd6 17. Qf4 Qe4+ 18. Qxe4 fxe4 0-1


[Site "https://www.chess.com"]

[Event "Titled Tuesday Blitz March 29 Early 2022"]
[White "Flis, Pawel"]
[Black "Krylov, Ivan"]
[WhiteFideId "1112864"]
[BlackFideId "24128066"]
[WhiteElo "1735"]
[BlackElo "2258"]
[Result "1-0"]
[Round "11"]
[TimeControl "180+1"]
[Date "2022.03.30"]
[WhiteClock "0:01:12"]
[BlackClock "0:00:03"]

1. e4 c6 2. d4 d5 3. exd5 cxd5 4. c4 Nf6 5. Nc3 g6 6. cxd5 Bg7 7. Bc4 O-O 8. Nge2 Nbd7 9. Qb3 Nb6 10. O-O Bf5 11. Nf4 Rc8 12. Be2 Ne4 13. Be3 Nf6 14. Rac1 Bh6 15. Ne6 fxe6 16. Bxh6 exd5 17. Bxf8 Kxf8 18. Bf3 Ne4 19. Rfe1 Nd2 20. Qd1 Nxf3+ 21. Qxf3 Kg7 22. Qf4 Nc4 23. b3 Nb6 24. Qe5+ Kf7 25. h3 Qc7 26. g4 Be4 27. Nxe4 Qxc1 28. Rxc1 Rxc1+ 29. Kg2 dxe4 30. Qf4+ 1-0


[Site "https://www.chess.com"]

[Event "Titled Tuesday Blitz March 29 Early 2022"]
[White "Gabdrakhmanov, Azat"]
[Black "Oganian, Miran"]
[WhiteFideId "34189197"]
[BlackFideId "4122488"]
[WhiteElo "2279"]
[BlackElo "2357"]
[Result "0-1"]
[Round "11"]
[TimeControl "180+1"]
[Date "2022.03.29"]
[WhiteClock "0:00:13"]
[BlackClock "0:01:16"]

1. e4 e6 2. d3 d5 3. Nd2 Nf6 4. Ngf3 b6 5. g3 dxe4 6. dxe4 Bc5 7. Bg2 Ba6 8. c4 Qd3 9. Qe2 Qxe2+ 10. Kxe2 Nc6 11. b3 O-O-O 12. Bb2 Nb4 13. e5 Ng4 14. Ne4 Nd3 15. Nxc5 bxc5 16. Bc3 Ngxf2 17. Rhf1 Ne4 18. Ba5 Nb4 19. a3 Nc6 20. Be1 f5 21. exf6 gxf6 22. Ke3 f5 23. Rc1 Bb7 24. b4 Rd7 25. b5 Nd4 26. Ne5 Rg7 27. Bxe4 Bxe4 28. Nd3 Bxd3 29. Kxd3 e5 30. Ke3 h5 31. Bc3 h4 32. Rg1 hxg3 33. Rxg3 f4+ 0-1


[Site "https://www.chess.com"]

[Event "Titled Tuesday Blitz March 29 Early 2022"]
[White "Garv Gaur"]
[Black "Mika, Tomasz"]
[WhiteFideId "45030839"]
[BlackFideId "1132970"]
[WhiteElo "1950"]
[BlackElo "2116"]
[Result "1-0"]
[Round "11"]
[TimeControl "180+1"]
[Date "2022.03.30"]
[WhiteClock "0:00:38"]
[BlackClock "0:00:25"]

1. d4 d5 2. Nf3 e6 3. c4 c5 4. cxd5 exd5 5. g3 Nc6 6. Bg2 Nf6 7. O-O Be7 8. Nc3 O-O 9. Bg5 c4 10. Ne5 Be6 11. f4 h6 12. Bxf6 Bxf6 13. f5 Bxe5 14. dxe5 d4 15. fxe6 dxc3 16. exf7+ Kh8 17. bxc3 Qb6+ 18. Kh1 Nxe5 19. Qd5 Ng4 20. Qf3 Nf6 21. Rfb1 Qe6 22. Rxb7 Rad8 23. Rxa7 Rd2 24. Qa8 Qd6 25. Rf1 Kh7 26. Qf3 Qe6 27. Qf5+ Qxf5 28. Rxf5 Rxe2 29. h3 Kg6 30. Rf4 Rxf7 31. Rxf7 Kxf7 32. Bd5+ Ke7 33. Bxc4 Ne4 34. Bxe2 Nxg3+ 35. Kg2 Nxe2 36. Re4+ 1-0


[Site "https://www.chess.com"]

[Event "Titled Tuesday Blitz March 29 Early 2022"]
[White "Gatterer, Florian"]
[Black "Osmonbekov, Talaibek"]
[WhiteFideId "811688"]
[BlackFideId "2017253"]
[WhiteElo "2218"]
[BlackElo "2135"]
[Result "1-0"]
[Round "11"]
[TimeControl "180+1"]
[Date "2022.03.30"]
[WhiteClock "0:00:15"]
[BlackClock "0:00:13"]

1. f4 b6 2. Nf3 Bb7 3. e3 f5 4. g3 Nf6 5. Bg2 e6 6. c4 Be7 7. O-O O-O 8. b3 a5 9. Nc3 Na6 10. Bb2 Nb4 11. d3 Ng4 12. Re1 Bc5 13. d4 Be7 14. h3 Nf6 15. a3 Na6 16. d5 Nc5 17. Nd4 Qc8 18. b4 axb4 19. axb4 Rxa1 20. Bxa1 Nce4 21. Nxe4 Nxe4 22. Bxe4 fxe4 23. dxe6 Bxb4 24. Qg4 dxe6 25. Nxe6 g6 26. Rd1 Bd6 27. Nxf8 Qxf8 28. Qe6+ Qf7 29. Qxf7+ Kxf7 30. Be5 Bxe5 31. fxe5 Ke6 32. Rd8 Kxe5 33. Rd7 Bc8 34. Rxc7 Bxh3 35. Rxh7 Be6 36. Rb7 Bxc4 37. Rxb6 Kf5 38. Kg2 Be2 39. Rc6 g5 40. Rc5+ Kg4 41. Kf2 Bf3 42. Re5 Bh1 43. Re7 Bf3 44. Rf7 Bh1 45. Rf8 Bf3 46. Rxf3 exf3 47. e4 Kh5 48. Kxf3 Kg6 49. Kg4 Kf6 50. Kh5 Ke5 51. Kxg5 Kxe4 52. g4 Ke5 53. Kg6 Ke6 54. Kg7 1-0


[Site "https://www.chess.com"]

[Event "Titled Tuesday Blitz March 29 Early 2022"]
[White "Goryachkina, Aleksandra"]
[Black "Weetik, Vjacheslav"]
[WhiteFideId "4147103"]
[BlackFideId "4153472"]
[WhiteElo "2426"]
[BlackElo "2469"]
[Result "0-1"]
[Round "11"]
[TimeControl "180+1"]
[Date "2022.03.29"]
[WhiteClock "0:00:01"]
[BlackClock "0:00:03"]

1. e4 c6 2. d4 d5 3. exd5 cxd5 4. Bd3 Nc6 5. c3 Qc7 6. h3 g6 7. Nf3 Bf5 8. O-O Nf6 9. Re1 Bg7 10. Na3 O-O 11. Nb5 Qd7 12. Ne5 Nxe5 13. dxe5 Ne4 14. Nd4 Bxe5 15. Nxf5 gxf5 16. Bxe4 fxe4 17. Rxe4 Qf5 18. Rg4+ Kh8 19. Rg5 Qe6 20. Be3 f6 21. Rg4 Rg8 22. Rxg8+ Rxg8 23. Qf3 Bb8 24. Rd1 Rd8 25. Bf4 Bxf4 26. Qxf4 a6 27. Qd2 Qf5 28. Re1 e5 29. Re3 Qe6 30. Rf3 d4 31. cxd4 Rxd4 32. Qh6 Rd1+ 33. Kh2 Rd8 34. Qxf6+ Qxf6 35. Rxf6 Rd7 36. Re6 Rd2 37. Rxe5 Rxb2 38. Kg3 b5 39. f4 Rxa2 40. f5 Kg7 41. Re6 b4 42. Rb6 a5 43. Kf4 Rxg2 44. Rb7+ Kf6 45. Rb6+ Ke7 46. Rb7+ Kd6 47. f6 Rf2+ 48. Kg5 Kc6 49. Ra7 Kb6 50. Rxh7 b3 51. Rh8 a4 52. Kg6 Kc5 53. f7 b2 54. Rb8 a3 0-1


[Site "https://www.chess.com"]

[Event "Titled Tuesday Blitz March 29 Early 2022"]
[White "Gracia Alvarez, Gerardo Antonio"]
[Black "Martin Duque, Jesus"]
[WhiteFideId "5109124"]
[BlackFideId "2208954"]
[WhiteElo "2435"]
[BlackElo "2526"]
[Result "0-1"]
[Round "11"]
[TimeControl "180+1"]
[Date "2022.03.30"]
[WhiteClock "0:00:20"]
[BlackClock "0:01:46"]

1. e4 c5 2. Nc3 Nc6 3. Bb5 Nd4 4. Nf3 e6 5. O-O a6 6. Bd3 Nc6 7. Re1 g5 8. Kh1 g4 9. Ng1 h5 10. b3 Bg7 11. Bb2 Ne5 12. Bf1 Ne7 13. d4 cxd4 14. Qxd4 N7c6 15. Qd2 b5 16. a4 b4 17. Nd5 Bb7 18. Rab1 a5 19. f4 gxf3 20. gxf3 Qh4 21. f4 Ng4 22. Bxg7 Rg8 23. Re2 Rxg7 24. Nc7+ Ke7 25. Nxa8 Nce5 26. Qd4 Nxh2 27. Rxh2 Rxg1+ 28. Kxg1 Nf3+ 29. Kg2 Qg4+ 30. Kh1 Nxd4 0-1


[Site "https://www.chess.com"]

[Event "Titled Tuesday Blitz March 29 Early 2022"]
[White "Gu, Xiaobing"]
[Black "Cramling Bellon, Anna"]
[WhiteFideId "8602611"]
[BlackFideId "32009232"]
[WhiteElo "2174"]
[BlackElo "1905"]
[Result "0-1"]
[Round "11"]
[TimeControl "180+1"]
[Date "2022.03.30"]
[WhiteClock "0:00:27"]
[BlackClock "0:00:02"]

1. Nf3 d5 2. g3 c5 3. Bg2 Nc6 4. O-O e5 5. d3 Nf6 6. Nbd2 Be7 7. e4 d4 8. a4 O-O 9. Nc4 Qc7 10. Nh4 Be6 11. b3 a6 12. f4 b5 13. axb5 axb5 14. Rxa8 Rxa8 15. Nxe5 Nxe5 16. fxe5 Ng4 17. Bh3 Nxe5 18. Bxe6 fxe6 19. Qh5 g6 20. Qh6 Ng4 21. Qf4 Qxf4 22. Rxf4 Ra1 23. Rf1 Bxh4 24. gxh4 Ra2 25. h3 Ne3 26. Bxe3 dxe3 27. Rc1 Kg7 28. Kf1 Kh6 29. Ke2 Kh5 30. Kxe3 Kxh4 31. Kf4 Kxh3 32. Ke5 h5 33. Kxe6 h4 34. Rh1+ Kg3 35. Rg1+ Kf2 36. Rh1 Kg3 37. Rg1+ Kf2 38. Rxg6 h3 39. Rh6 Ra6+ 0-1


[Site "https://www.chess.com"]

[Event "Titled Tuesday Blitz March 29 Early 2022"]
[White "Guseva, Marina"]
[Black "Kostina, Nadezhda"]
[WhiteFideId "4149351"]
[BlackFideId "4195876"]
[WhiteElo "2160"]
[BlackElo "1982"]
[Result "0-1"]
[Round "11"]
[TimeControl "180+1"]
[Date "2022.03.30"]
[WhiteClock "0:00:17"]
[BlackClock "0:00:20"]

1. d4 Nf6 2. Nf3 e6 3. Bf4 b6 4. e3 Bb7 5. Be2 c5 6. O-O Be7 7. c3 O-O 8. a4 d6 9. Nbd2 Nbd7 10. h3 Ne4 11. a5 f5 12. Nc4 b5 13. a6 Bd5 14. Na5 Qb6 15. c4 bxc4 16. Nxc4 Qc6 17. Na5 Qb6 18. dxc5 Ndxc5 19. Nd4 Qxb2 20. Bc4 Nc3 21. Qh5 g6 22. Qh6 e5 23. Bxd5+ Nxd5 24. Ndc6 exf4 25. Nxe7+ Nxe7 26. Qxf4 Qe5 27. Qc4+ Qd5 28. Qh4 Qe6 29. Rfd1 Ne4 30. Nb7 Rac8 31. f3 Nf6 32. Rxd6 Qxe3+ 33. Kh2 Qe5+ 0-1


[Site "https://www.chess.com"]

[Event "Titled Tuesday Blitz March 29 Early 2022"]
[White "Dronavalli, Harika"]
[Black "Iljin, Timofey"]
[WhiteFideId "5015197"]
[BlackFideId "14110180"]
[WhiteElo "2649"]
[BlackElo "2482"]
[Result "1-0"]
[Round "11"]
[TimeControl "180+1"]
[Date "2022.03.30"]
[WhiteClock "0:02:03"]
[BlackClock "0:02:02"]

1. e4 e5 2. Nf3 Nc6 3. Bc4 Nf6 4. d3 Bc5 5. c3 d6 6. O-O O-O 7. h3 h6 8. Re1 a6 9. Bb3 b5 10. Nbd2 Bb7 11. Nf1 Ne7 12. Ng3 Ng6 13. d4 Bb6 14. Bc2 Re8 15. Be3 exd4 16. Bxd4 Bxd4 17. Qxd4 Qe7 18. Nf5 Qd8 19. Rad1 Ne5 20. Nxe5 dxe5 21. Qc5 Qc8 22. Ne7+ Rxe7 23. Qxe7 c5 24. Rd6 Ne8 25. Rd7 Qc6 26. Qxf7+ Kh8 27. Rxb7 1-0


[Site "https://www.chess.com"]